 Dungeon Crawl Stone Soup version 0.31-a0-177-g4aa6249778 (webtiles) character file.

Game seed: 8623804633807703985

1144 dohlik the Grappler (level 8, -3/76 HPs)
             Began as a Troll Berserker on June 18, 2023.
             Was a Priest of Trog.
             Slain by a gnoll
             ... wielding a +0 halberd
              (5 damage)
             ... on level 5 of the Dungeon.
             The game lasted 00:09:19 (3867 turns).

dohlik the Grappler (Troll Berserker)               Turns: 3867, Time: 00:09:19

Health: -3/76      AC:  4    Str: 28    XL:     8   Next: 15%
Magic:  7/7        EV: 10    Int:  3    God:    Trog [***...]
Gold:   326        SH:  0    Dex:  9    Spells: 7/7 levels left

rFire   . .          .
                       - Unarmed
rCold   . . .        (no shield)
rNeg    . . .        a - +0 animal skin
rPois   .            (helmet restricted)
rElec   .            (no cloak)
rCorr   .            (gloves unavailable)
SInv    .            (boots unavailable)
Will    ++...        (no amulet)
Stlth   +            (no ring)
HPRegen 2.12/turn    (no ring)
MPRegen 0.10/turn

%: no passive effects
@: strong-willed (expiring), on berserk cooldown, regenerating (expiring),
slowed, very slow
A: large, unfitting armour, claws 3, regeneration 1, shaggy fur 1, tough skin 1
a: Renounce Religion, Berserk, Trog's Hand


You were on level 5 of the Dungeon.
You worshipped Trog.
Trog was most pleased with you.
You visited 1 branch of the dungeon, and saw 5 of its levels.

You collected 326 gold pieces.

Inventory:

Missiles
 q - 3 javelins
 r - 2 throwing nets
 t - 3 boomerangs (quivered)
Armour
 a - a +0 animal skin (worn)
Wands
 o - a wand of roots (6)
 s - a wand of mindburst (10)
Scrolls
 c - 4 scrolls of identify
 e - a scroll of blinking {unknown}
 g - a scroll of fear {unknown}
 h - a scroll of brand weapon {unknown}
 j - 2 scrolls of summoning
 l - 2 scrolls of noise {unknown}
 n - a scroll of vulnerability {unknown}
Potions
 b - 2 potions of attraction {unknown}
 d - a potion of curing {unknown}
 f - a potion of enlightenment {unknown}
 i - 2 potions of brilliance {unknown}
 k - a potion of invisibility {unknown}
 m - a potion of cancellation {unknown}
 p - a potion of haste {unknown}
 u - a potion of ambrosia {unknown}


   Skills:
 + Level 3.6 Fighting
 + Level 1.4 Throwing
 + Level 4.6 Dodging
 + Level 8.1 Unarmed Combat


You had 7 spell levels left.
You didn't know any spells.
Your spell library was empty.

Dungeon Overview and Level Annotations

Branches:
Dungeon (5/15)
 Temple: D:4-7

Altars:
Elyvilon


Innate Abilities, Weirdness & Mutations

You are too large for most types of armour.
You have claws for hands.
Your natural rate of healing is unusually fast.
You are covered in fur. (AC +1)
You have tough skin. (AC +1)


Message History

The gnoll bouda is almost dead.
You scratch the gnoll bouda.
The gnoll bouda is almost dead.
Your attacks no longer feel as feeble.
The gnoll is no longer moving quickly.
The gnoll bouda prays to its god.
The gnoll bouda is healed somewhat.
You closely miss the gnoll bouda.
The gnoll bouda is severely wounded.
The gnoll hits you with a +0 flail!
You scratch the gnoll bouda.
You kill the gnoll bouda!
Trog accepts your kill.
You feel the effects of Trog's Hand fading.
The gnoll hits you from afar with a +0 halberd!
The gnoll hits you with a +0 flail!
Items here: )) [[[.
You are too injured to fight recklessly!
You feel a strong urge to attack something.
The gnoll is no longer moving quickly.
You are no longer berserk.
You are exhausted.
You feel yourself slow down.
You barely miss the gnoll. The gnoll barely misses you. x2
You mangle the gnoll!!
You kill the gnoll!
Trog accepts your kill.
The gnoll hits you from afar with a +0 halberd!
* * * LOW HITPOINT WARNING * * *
As you read the scroll labelled NUUDIFA LAACE, it crumbles to dust.
It is a scroll of identify.
j - 2 scrolls of summoning The gnoll hits you with a +0 flail.
* * * LOW HITPOINT WARNING * * *
The gnoll hits you from afar with a +0 halberd!
* * * LOW HITPOINT WARNING * * *
The gnoll hits you with a +0 flail.
* * * LOW HITPOINT WARNING * * *
The gnoll hits you from afar with a +0 halberd.
You die...

.###############.#
.#...............#
.#.#############.#
.#...............#
.###############.#
.# #.# .# #.# .#
#.# .# #@# ##
########g#
.......gg#
########.# #.#
#######.#
#gg.....#
#.####### #.#


You could see 3 gnolls.

Vanquished Creatures
  2 ice beasts
  An ogre (D:4)
  A gnoll sergeant (D:5)
  A scorpion (D:4)
  3 wights (D:5)
  2 jellies
  A gnoll bouda (D:5)
  An orc priest (D:2)
  4 hounds
  A sleepcap (D:5)
  Ijyb (D:4)
  2 orc wizards
  Robin (D:4)
  10 gnolls
  6 adders
  5 worms
  A dart slug (D:1)
  12 orcs
  5 bats
  5 endoplasms
  4 giant cockroaches
  14 goblins
  8 hobgoblins
  2 jackals (D:2)
  2 quokkas (D:4)
  5 ball pythons
  3 frilled lizards (D:2)
  9 kobolds
  3 rats
115 creatures vanquished.

Notes
Turn   | Place    | Note
-------+----------+-------------------------------------------
     0 | D:1      | dohlik the Troll Berserker began the quest for the Orb.
     0 | D:1      | Reached XP level 1. HP: 22/22 MP: 0/0
     6 | D:1      | Noticed a scorpion
     6 | D:1      | Noticed an iguana
     6 | D:1      | Noticed a wyvern
     7 | D:1      | Noticed a swamp worm
   314 | D:1      | Reached XP level 2. HP: 29/29 MP: 1/1
   824 | D:2      | Reached ** piety under Trog
   825 | D:2      | Reached XP level 3. HP: 36/36 MP: 2/2
   859 | D:2      | Reached skill level 4 in Unarmed Combat
   859 | D:2      | Reached XP level 4. HP: 31/44 MP: 3/3
  1489 | D:3      | Reached XP level 5. HP: 52/53 MP: 4/4
  1781 | D:3      | Identified the +1 robe of Proximity {rC+ SInv}
  2041 | D:4      | Noticed an ice beast
  2046 | D:4      | Killed an ice beast
  2047 | D:4      | Reached skill level 5 in Unarmed Combat
  2104 | D:4      | Reached XP level 6. HP: 45/61 MP: 5/5
  2173 | D:4      | Found a white marble altar of Elyvilon.
  2242 | D:4      | Noticed Robin
  2258 | D:4      | Killed Robin
  2371 | D:4      | Reached *** piety under Trog
  2733 | D:4      | Reached skill level 6 in Unarmed Combat
  2836 | D:4      | Reached XP level 7. HP: 47/67 MP: 6/6
  2888 | D:4      | Noticed Ijyb
  2899 | D:4      | Killed Ijyb
  3016 | D:5      | Entered Level 5 of the Dungeon
  3037 | D:5      | Reached skill level 7 in Unarmed Combat
  3292 | D:5      | Identified the +6 chain mail of the Dungeon {rF+ Str+2
                  | Stlth-}
  3796 | D:5      | Reached skill level 1 in Throwing
  3796 | D:5      | Reached XP level 8. HP: 75/75 MP: 7/7
  3858 | D:5      | Reached skill level 8 in Unarmed Combat
  3867 | D:5      | HP: 2/76 [gnoll/+0 flail (2)]
  3867 | D:5      | Slain by a gnoll

Illustrated notes

Levels and vault maps discovered:
D:1:      onia_arrival_zoo_common, layout_loops_cross,
          dreamdust_mushroom_princess
D:2:      layout_basic, kennysheep_doodads, hex_intersection
D:3:      layout_basic, nicolae_wormholes
D:4:      layout_loops_corners, elyvilon_altar_5, uniq_ijyb, uniq_robin
D:5:      layout_loops_ring, pf_guarded_unrand_woodcutter

Skill      XL: |  1  2  3  4  5  6  7  8 |
---------------+-------------------------+-----
Dodging        | 3 4 |  4.6
Unarmed Combat | 4 5 6 7 8 |  8.1
Fighting       | 3 |  3.6
Throwing       | 1 |  1.4

Action                     |  1- 3 |  4- 6 |  7- 9 || total
---------------------------+-------+-------+-------++-------
  Melee: Unarmed           |    95 |   142 |    72 ||   309
         Punch             |       |     5 |     3 ||     8
  Throw: Boomerang         |       |       |    21 ||    21
 Invoke: Berserk           |       |     2 |     2 ||     4
         Trog's Hand       |       |       |     2 ||     2
    Use: Scroll            |       |       |     1 ||     1
   Stab: Sleeping          |       |     1 |       ||     1
 Armour: Animal skin       |    30 |    43 |    10 ||    83
  Dodge: Dodged            |    40 |    68 |    33 ||   141

Table legend: (Time is in decaauts)
 A = Elapsed time spent in this place.
 B = Non-inter-level travel time spent in this place.
 C = Inter-level travel time spent in this place.
 D = Time resting spent in this place.
 E = Time spent auto-exploring this place.
 F = Levels seen in this place.
 G = Mean time per level.
                   A        B        C        D        E       F      G
               +--------+--------+--------+--------+--------+-----+--------+
         Total |   3864 |   3727 |    137 |      0 |   3045 |   5 |  772.8 |
       Dungeon |   3864 |   3727 |    137 |      0 |   3045 |   5 |  772.8 |
               +--------+--------+--------+--------+--------+-----+--------+

Top non-repeatable levels by time:
     D:4: 980 daAuts
     D:5: 853 daAuts
     D:3: 782 daAuts
     D:2: 657 daAuts
     D:1: 590 daAuts
